Cogmind - Beta 11.1 @@@ ROGUE MODE // 2022.04.22 @ 23:44:52 Player: RNGesus Result: Destroyed by G-47 Trooper with Particle Gun Performance ------------- Evolutions (0) 0 Regions Visited (2) 400 Robots Destroyed (28) 140 Value Destroyed (642) 642 Prototype IDs (0) 0 Alien Tech Used (0) 0 Bonus (0) 0 TOTAL SCORE: 1182 Bonus ------- None Cogmind --------- Core Integrity 0/250 Matter 287/300 Energy 160/160 System Corruption 0% Temperature Cool (22) Movement Walking (680) Ox8 Location -10/Mines Parts ------- > --- POWER (1) -------- Light Nuclear Core > --- PROPULSION (2) --- Aluminum Leg Compact Wheel > --- UTILITY (2) ------ Huge Storage Unit > --- WEAPON (2) ------- Light Assault Rifle Light Assault Rifle > --- INVENTORY (25) --- Light Nuclear Core Improved Heat Sink Transport Network Coupler Light Assault Rifle Light Assault Rifle Light Assault Rifle Light Assault Rifle Light Assault Rifle Grenade Launcher Rocket Launcher Peak State ------------ > --- POWER ------------ Light Nuclear Core > --- PROPULSION ------- Light Treads Light Treads > --- UTILITY ---------- Huge Storage Unit > --- WEAPON ----------- Assault Rifle Assault Rifle > --- INVENTORY -------- Light Nuclear Core Transport Network Coupler Light Assault Rifle Light Assault Rifle Light Assault Rifle Light Assault Rifle Light Assault Rifle Light Assault Rifle Light Assault Rifle Grenade Launcher [Rating: 9] Favorites ----------- Power Light Ion Engine Engine Light Ion Engine Power Core Light Nuclear Core Propulsion Light Treads Treads Light Treads Leg Aluminum Leg Wheel Compact Wheel Utility Huge Storage Unit Storage Huge Storage Unit Weapon Assault Rifle Energy Gun EM Pulse Gun Ballistic Gun Assault Rifle Build | -11 -10 -10 ------- Run | Scr Mat Min Slots Evolved . | . . . Power . | . . . Propulsion . | . . . Utility . | . . . Weapon . | . . . Parts Attached 16 | 7 4 5 Power 3 | 1 1 1 Engine 2 | 1 1 . Core 1 | . . 1 Reactor . | . . . Propulsion 4 | 2 . 2 Treads 2 | 2 . . Leg 1 | . . 1 Wheel 1 | . . 1 Hover . | . . . Flight . | . . . Utility 3 | 1 2 . Device . | . . . Storage 3 | 1 2 . Processor . | . . . Hackware . | . . . Protection . | . . . Artifact . | . . . Weapon 6 | 3 1 2 Energy Gun 1 | 1 . . Energy Cannon . | . . . Ballistic Gun 5 | 2 1 2 Ballistic Cannon . | . . . Launcher . | . . . Special Weapon . | . . . Impact Weapon . | . . . Slashing Weapon . | . . . Piercing Weapon . | . . . Special Melee Weapon . | . . . Unidentified Prototypes . | . . . Parts Lost 7 | . 2 5 Power 2 | . 1 1 Propulsion 2 | . . 2 Utility . | . . . Weapon 3 | . 1 2 Highest Loss Streak 2 | . 2 2 To Critical Strikes . | . . . Average Slot Usage (%) 83 | . 84 78 Engine 11 | . 13 3 Core 1 | . . 10 Treads 24 | . 28 8 Leg 1 | . . 6 Wheel 1 | . . 6 Storage 14 | . 14 14 Energy Gun 3 | . 4 . Ballistic Gun 24 | . 23 27 Naked Turns . | . . . Heaviest Build 89 | 12 87 89 Greatest Support 40 | 40 40 40 Greatest Overweight (x) 29 | . 2 29 Average Overweight (x) 1 | . 1 6 Largest Inventory Capacity 25 | 8 25 25 Average Capacity 22 | 6 22 25 Most Carried 11 | 2 10 11 Average Carried 9 | 1 9 10 Final Capacity 25 | 8 25 25 Final Carried 10 | 2 10 10 Class Distribution -------------------- 100% | Mutant Dominant Class ---------------- Mutant | -10/Materials Mutant | -10/Mines Resources | -11 -10 -10 ----------- Run | Scr Mat Min Matter Collected 778 | 276 321 181 Remotely . | . . . Salvage Created 952 | . 649 303 Parts 53 | . 42 11 Haulers Intercepted 2 | . 2 . Recyclers Shooed . | . . . Parts Field Recycled . | . . . Retrieved Matter . | . . . Parts Self-Destructed . | . . . Prevented . | . . . Kills | -11 -10 -10 ------- Run | Scr Mat Min Combat Hostiles Destroyed 16 | . 11 5 Guns 16 | . 11 5 Classes Destroyed 9 | . 8 1 Worker 2 | . 2 . Builder 1 | . 1 . Tunneler 2 | . 2 . Hauler 2 | . 2 . Recycler 1 | . . 1 Operator 3 | . 3 . Watcher 1 | . 1 . Swarmer 3 | . 3 . Grunt 13 | . 8 5 Best Kill Streak 4 | . 3 4 Combat Bots Only 3 | . 3 2 Max Kills in Single Turn 2 | . 2 1 Gunslinging . | . . . Exploded . | . . . Melee . | . . . Uniques/NPCs Destroyed . | . . . Combat | -11 -10 -10 -------- Run | Scr Mat Min Damage Taken 1027 | . 390 637 Core 259 | . 21 238 Absorbed by Shields . | . . . Core Remaining (%) 100 | 100 . . Volleys Fired 96 | 2 63 31 Largest 2 | 2 2 2 Hottest 60 | 60 60 40 Shots Fired 181 | 4 125 52 Gun 181 | 4 125 52 Cannon . | . . . Launcher . | . . . Special . | . . . Kinetic 159 | 2 105 52 Thermal . | . . . Explosive . | . . . Electromagnetic 22 | 2 20 . Robot Hit Streak 13 | 4 7 13 Robot Miss Streak 4 | . 4 3 Penetration Max . | . . . Secondary Targets . | . . . Shots Hit Robots 107 | 4 64 39 Core Hits 50 | . 36 14 Critical Kills 2 | . 1 1 Critical Parts Destroyed 2 | . 1 1 Critical Strikes 4 | . 2 2 Destroy 4 | . 2 2 Melee Attacks . | . . . Impact . | . . . Slashing . | . . . Piercing . | . . . Sneak Attacks . | . . . Combat Hostiles . | . . . Follow-up Attacks . | . . . Damage Inflicted 1448 | 52 938 458 Guns 1320 | 52 810 458 Cannons . | . . . Explosions 128 | . 128 . Melee . | . . . Ramming . | . . . Kinetic 1111 | 25 628 458 Thermal 128 | . 128 . Explosive . | . . . Electromagnetic 209 | 27 182 . Impact . | . . . Slashing . | . . . Piercing . | . . . Highest Corruption . | . . . Average Corruption . | . . . Corruption Purged . | . . . Corruption Blocked . | . . . Overload Shots . | . . . Overflow Damage . | . . . Projectiles . | . . . Explosions . | . . . Melee . | . . . Knockbacks . | . . . Impact . | . . . Kinetic . | . . . Secondary . | . . . Self-Inflicted Damage 71 | . 71 . Shots 1 | . 1 . Rammed . | . . . Targets Rammed . | . . . Kicked . | . . . Crushed . | . . . Highest Temperature 54 | . 39 54 Average Temperature 13 | . 17 10 Received Heat Transfer 522 | . 129 393 Siege Activations . | . . . Robots Corrupted . | . . . Combat Hostiles . | . . . Parts Fried . | . . . Impact Corruptions . | . . . Robots Melted . | . . . Combat Hostiles . | . . . Parts Melted . | . . . Heat Transferred 100 | . 100 . Parts Sabotaged . | . . . Parts Stolen . | . . . Parts Stripped . | . . . Power Chain Reactions 1 | . 1 . Missiles Intercepted . | . . . Alert | -11 -10 -10 ------- Run | Scr Mat Min Peak Influence 245 | . 245 95 Initial . | . . . Average 70 | . 78 50 Maximum Alert Level 1 | . 1 . Low Security (%) 95 | 100 94 100 Level 1 4 | . 5 . Level 2 . | . . . Level 3 . | . . . Level 4 . | . . . Level 5 . | . . . High Security . | . . . Max Security . | . . . Squads Dispatched 3 | . 3 . Investigation . | . . . Extermination . | . . . Reinforcement 3 | . 3 . Assault . | . . . Garrison . | . . . Intercept . | . . . Searches Triggered . | . . . Construction Impeded . | . . . Haulers Reinforced . | . . . Active Scanning Responses . | . . . Cargo Convoy Interrupts . | . . . Stealth | -11 -10 -10 --------- Run | Scr Mat Min Distress Signals 2 | . 2 . Communications Jammed . | . . . Distress Signals . | . . . Times Spotted 51 | . 43 8 Peak Tracking Total 4 | . 4 4 Tactical Retreats 1 | . 1 . Traps | -11 -10 -10 ------- Run | Scr Mat Min Traps Triggered . | . . . Indirectly . | . . . Trap Hack Attempts . | . . . Triggered . | . . . Disarmed . | . . . Reprogrammed . | . . . Reused . | . . . Traps Extracted . | . . . Installed . | . . . Triggered . | . . . Machines | -11 -10 -10 ---------- Run | Scr Mat Min Machines Disabled 1 | . 1 . Max in Single Turn 1 | . 1 . Machines Sabotaged . | . . . Garrisons Compromised . | . . . Overloaded Fab Kills . | . . . Hacking | -11 -10 -10 --------- Run | Scr Mat Min Machines Accessed 1 | . 1 . Terminals 1 | . 1 . Fabricators . | . . . Repair Stations . | . . . Recycling Units . | . . . Scanalyzers . | . . . Garrison Access . | . . . Total Hacks 2 | . 2 . Successful . | . . . Failed 2 | . 2 . Catastrophic . | . . . Database Lockouts . | . . . Manual . | . . . Terminals 2 | . 2 . Fabricators . | . . . Repair Stations . | . . . Recycling Units . | . . . Scanalyzers . | . . . Garrison Access . | . . . Terminal Hacks . | . . . Fabricator Hacks . | . . . Repair Station Hacks . | . . . Recycling Unit Hacks . | . . . Scanalyzer . | . . . Garrison Access Hacks . | . . . Unauthorized Hacks . | . . . Terminals . | . . . Fabricators . | . . . Repair Stations . | . . . Recycling Units . | . . . Scanalyzers . | . . . Garrison Access . | . . . Data Cores Recovered . | . . . Used . | . . . Hacking Detections 1 | . 1 . Full Trace Events . | . . . Feedback Events . | . . . Feedback Blocked . | . . . Robot Schematics Acquired . | . . . Robots Built . | . . . Authchips . | . . . Time . | . . . Total Robot Build Rating . | . . . Part Schematics Acquired . | . . . Parts Built . | . . . Authchips . | . . . Time . | . . . Total Part Build Rating . | . . . Parts Repaired . | . . . Time . | . . . Parts Recycled . | . . . Recycled Matter . | . . . Retrieved Matter . | . . . Retrieved Components . | . . . Parts Scanalyzed . | . . . Part Schematics Acquired . | . . . Parts Damaged . | . . . Bothacking | -11 -10 -10 ------------ Run | Scr Mat Min Used RIF Installer . | . . . Robots Hacked . | . . . Non-combat . | . . . Combat . | . . . Robot Hacks Applied . | . . . Relay Couplers Released . | . . . Fabnet Peak Effective % . | . . . Robots Rewired . | . . . Allies Hacked . | . . . Hacks Repelled . | . . . Allies | -11 -10 -10 -------- Run | Scr Mat Min Total Allies . | . . . Largest Group . | . . . Highest-Rated Group . | . . . Highest-Rated Ally . | . . . Total Orders . | . . . Ally Attacks . | . . . Total Damage . | . . . Kills . | . . . Allies Corrupted . | . . . Allies Melted . | . . . Intel | -11 -10 -10 ------- Run | Scr Mat Min Robot Analysis Total . | . . . Derelict Logs Recovered . | . . . Drone Launches . | . . . Drone Recoveries . | . . . Exploration | -11 -10 -10 ------------- Run | Scr Mat Min Turns Passed 2874 | 82 2269 523 Spaces Moved 873 | 43 750 80 Core 7 | 3 . 4 Treads 828 | 40 750 38 Legs 35 | . . 35 Wheels 3 | . . 3 Hover . | . . . Flight . | . . . Fastest Speed 50 | 50 160 175 Average Speed 288 | 152 270 535 Slowest Speed 1500 | 160 320 1500 Overloaded Moves . | . . . Propulsion Burnouts . | . . . Robots Hopped . | . . . Cave-ins Triggered . | . . . Exploration Rate (%) 37 | 3 96 13 Regions Visited 2 Branch Regions 1 Pre-discovered Areas . | . . . Known Exits Taken . | . . . Unknown Exits Taken 2 | 1 1 . Scrap Searched 1 | . . 1 Spaces Dug . | . . . Terrain Destroyed 39 | . 39 . Melee . | . . . Projectile . | . . . AOE 39 | . 39 . Terrain Rammed . | . . . Walls Destroyed . | . . . Machines Disabled . | . . . Actions | -11 -10 -10 --------- Run | Scr Mat Min Total 1045 | 52 869 124 Wait 44 | . 39 5 Move 871 | 42 749 80 Hop . | . . . Pick Up 14 | 1 10 3 Fast Attach 10 | 6 2 2 Attach 5 | . 2 3 Detach 2 | . 2 . Swap 1 | 1 . . Drop 2 | . 2 . Fire 96 | 2 63 31 Melee . | . . . Ram . | . . . Kick . | . . . Crush . | . . . Escape Stasis . | . . . Rewire . | . . . Trap . | . . . Miscellaneous . | . . . Route ------- -11/Scrapyard -10/Materials (discovered 5 exits: [*Mat x3] / [*Min x2]) -10/Mines History --------- Turn | Location | Event 14 | -11/Scrapyard | Discovered new exit (range 15) 83 | -11/Scrapyard | Entered Materials 156 | -10/Materials | Discovered new exit (range 8) 305 | -10/Materials | Build established: Mutant 451 | -10/Materials | Discovered new exit (range 7) 1099 | -10/Materials | Discovered new exit (range 8) 1522 | -10/Materials | Discovered new exit (range 7) 2115 | -10/Materials | Discovered new exit (range 16) 2352 | -10/Materials | Entered Mines 2527 | -10/Mines | Core integrity fell below 50% 2559 | -10/Mines | Core integrity fell below 20% 2659 | -10/Mines | Received a Rocket Launcher from a helpful Derelict 2875 | -10/Mines | Destroyed by G-47 Trooper with Particle Gun Last Messages --------------- 02644_ Acquired Imp. Heat Sink. 02653_ A derelict emerges from the shadows. 02654_ O1-034(g): "Some of my friends down here think you need a mining laser when you travel the depths." 02655_ O1-034(g): "Pshh... whatever." 02656_ O1-034(g): "Everyone knows a good old rocket launcher goes a long way." 02657_ O1-034(g): "Need to get rid of a swarm? Done. Need a big hole in the wall? Done." 02658_ O1-034(g): "Need a small hole in the wall? Leave that to the mining laser wimps, I say!" 02659_ O1-034(g): "Would you like a rocket launcher? I know I would if I were you, so I'm going to lend you mine." 02659_ O1-034(g) slips back into the shadows. 02693_ Acquired Rocket Launcher. 02741_ Searching scrap... 02741_ Found Sensor Array. 02741_ Found Welding Torch. 02741_ Found 24 Matter. 02869_ Assault Rifle destroyed. Map ----- +----------------------------------------------------+ | | | | | | | | | | | | | | | ?????????????????????????????????? | | ?????????????????????????????????? | | ?????????????????????????????????? | | ?????????????????????????????????? | | ?????????????????????????????????? | | ??????????? #????????????????????? | | ??????????? #????????????????????? | | ??????????? #????????????????????? | | ?????????"" #????????????????????? | | ???????? #????????????????????? | | ????????""" #????????????????????? | | ?????????"" ?????????????????????? | | ?????????"" ?????????????????????? | | ????????? ?????????????????????? | | ????????? ?????????????????????? | | ?????????# #?????????????????????? | | ?????????#g#?????????????????????? | | ?????#####g#?????????????????????? | | ?????# @ #?????????????????????? | | ?????# ####?????????????????????? | | ?????# #????????????????????????? | | ?????# #????????????????????????? | | ?????# #????????????????????????? | | ?????# #????????????????????????? | | ?????# #????????????????????????? | | ????## #####????????????????????? | | ????# #????????????????????? | | ????# #????????????????????? | | ????# """ #????????????????????? | | ????# """ #???????#????????????? | | ????# """ !#?????? ###??????????? | | ????# !%#?????? ???????????? | | ????#######|#????? #????????????? | | ??????????#%#?#### #????????????? | | ??????????#=#?# ## ##???????? | | ?????????## ### #???????? | | ?????????# *%== #### #???????? | | ?????#####%[######???????????????? | | ????## ## #????????????????????? | | ???## #????????????????????? | | ???# ##????????????????????? | | ???# #####?????????????????????? | | ???# #?????????????????????????? | +----------------------------------------------------+ Best States ------------- Heat Dissipation 25 Energy Generation 14 Energy Capacity 160 Matter Stores 300 Matter Capacity 300 Sight Range 16 Terrain Scan Density 10 Evasion (%) 40 Recoil Reduction 2 Item Schematics ----------------- None Robot Schematics ------------------ None Fabricated ------------ Nothing Alien Tech Used ----------------- None Achievements -------------- None Challenges ------------ None Game ------ Seed ShadeSpectralBeamcaster Manual? 0 Play Time 00:07:51 Cumulative 353.2 hours Start 2022.04.22 @ 23:34:25 End 2022.04.22 @ 23:44:52 Sessions 1 Manual Loads 0 Difficulty Rogue Special Mode None Game No. 516 Rogue 516 Adventurer 0 Explorer 0 Win Type - Total 6 Types 4/0/1/1/0/0/0/0/0 Lore% 82 Gallery% 84 Achievement% 66 Wizard Run 0 Options --------- ASCII 0 Keyboard 1 Movement Numpad Keybinds 0 Fullscreen 2 Font 24/Smallcaps Map View 76x50 Tactical HUD 1 Map Filters NONE Filters NONE Steam 1 RUN: 7fa29da6-435e-4daa-8dd9-1d5229841cc1